AoeStats
← EN_Tsai

Arabia

509834085Analyzed
1v1 RM · 3d ago on Sep 28, 2026· 30m 4s· 2 players
Game mode
Random Map
Map size
Tiny (2 player)
Population
200
Speed
Normal
Resources
Standard
Victory
Conquest
Starting age
Dark Age
Ending age
Imperial Age
RankedLock teamsTeams togetherTeam positionsShared explorationLock speedFull tech treeHidden civsTurbo modeCheats
Victory
Defeat
🇹🇼 Saxons · Taiwan
1027
+16
🇨🇳 Turks · China
1037
-16
EN_Tsai
10:16 Feudal Age
8:32 Loom
15:14 Castle Age
16:53 Double-Bit Axe
29:16 Scale Mail Armor
13122
9:40 Feudal Age
10:40 Double-Bit Axe
11:12 Man-at-Arms
13:11 Loom
14:02 Wheelbarrow
14:45 Horse Collar
15:47 Forging
18:46 Fletching
25:47 Castle Age
25:15 Town Watch
26:45 Bow Saw
26:47 Thumb Ring
Connection lost

Rejoining the realm…

Still unreachable

The connection could not be restored.

Session expired

The server has moved on; the page needs a fresh start.